Map: Opérations galactiques EC

Players

Worming

  • Race: Protoss Protoss
  • League: Diamond

Bumblebee - Winner!

  • Race: Terran Terran
  • League: Gold

VOD

Have the link to the VOD?

Description

Time

  • Played on: Oct. 21, 2016, 12:35 p.m.
  • Length: 5:28
Show
View Real Time Build Order
Export as new Build Order

Worming Protoss 

Build Orders: 1 Gate Expand, Nexus First 

Get SALT Encoding   

  12  0:01  Probe (Chrono Boost)  
  13  0:12  Probe (Chrono Boost)  
  14  0:18  Pylon  
  14  0:25  Probe (Chrono Boost)  
  15  0:43  Gateway  
  15  1:03  Nexus, Unknown  
  15  1:07  Probe (Chrono Boost)  
  16  1:17  Probe (Chrono Boost)  
  17  1:28  Probe (Chrono Boost), Pylon  
  17  1:30  Zealot  
  20  1:39  Probe (Chrono Boost)  
  21  1:55  Cybernetics Core  
  21  1:59  Probe (Chrono Boost), Assimilator  
  21  2:00  Zealot  
  22  2:03  Assimilator  
  24  2:12  Probe (Chrono Boost)  
  24  2:15  Unknown  
  25  2:23  Probe (Chrono Boost)  
  26  2:32  Warp Gate  
  26  2:33  Probe (Chrono Boost)  
  26  2:34  Gateway  
  27  2:38  Gateway  
  28  2:44  Adept, Probe (Chrono Boost)  
  30  3:01  Probe (Chrono Boost)  
  31  3:10  Probe (Chrono Boost)  
  33  3:13  Probe (Chrono Boost)  
  33  3:22  Probe (Chrono Boost)  
  33  3:24  Adept  
  33  3:26  Adept  
  37  3:33  Adept  
  32  3:34  Probe (Chrono Boost)  
  36  3:44  Mothership Core (Chrono Boost)  
  35  3:51  Adept  
  37  4:00  Adept  
  37  4:01  Adept  
  37  4:03  Pylon  
  24  4:32  Pylon  
  11  5:09  Probe (Chrono Boost)  
Show
View Real Time Build Order
Export as new Build Order

Bumblebee Terran - Winner!

Build Orders:  

Get SALT Encoding   

  12  0:01  SCV  
  13  0:13  SCV  
  14  0:17  Supply Depot  
  14  0:25  SCV  
  15  0:38  SCV  
  16  0:44  Barracks  
  16  0:50  SCV  
  16  0:55  Barracks  
  17  1:07  Barracks  
  17  1:09  SCV  
  18  1:15  Refinery  
  18  1:21  SCV  
  19  1:30  Marine  
  20  1:34  Orbital Command  
  20  1:42  Marine  
  20  1:46  Supply Depot  
  21  1:52  Marine  
  22  1:57  Marine  
  23  2:07  SCV, Marine  
  25  2:10  Marine  
  25  2:15  Marine  
  27  2:25  Marine  
  27  2:27  Marine  
  29  2:33  Marine  
  30  2:43  Marine  
  31  2:47  Engineering Bay  
  31  3:01  Supply Depot  
  31  3:22  Marine x3  
  31  3:23  SCV  
  32  3:40  Marine x3  
  34  3:46  Bunker  
  34  3:58  Marine x3  
  36  4:16  Marine x3  
  31  4:34  Marine x3  
  33  4:51  Marine x3  
  34  5:09  Marine x3  
  37  5:27  Command Center, Unknown  
Tags
 
Add a new tag
Caveats
  • Supply blocks, unpowered buildings, or Contaminate may cause inaccurate times.
  • Supply counts are checked every 10 seconds.